 Dungeon Crawl Stone Soup version 0.30-a0-137-gd8773701ce (webtiles) character file.

Game seed: 14309128750754991875

654 tromp the Covert (level 7, -7/41 HPs)
             Began as a Kobold Brigand on Sept 20, 2022.
             Killed from afar by Tollund's ghost (27 damage)
             ... with a stone arrow
             ... on level 3 of the Dungeon on Sept 21, 2022.
             The game lasted 01:28:33 (6924 turns).

tromp the Covert (Kobold Brigand)                   Turns: 6924, Time: 01:28:34

Health: -7/41      AC:  6    Str:  8    XL:     7   Next: 84%
Magic:  7/7        EV: 15    Int: 12    God:
Gold:   166        SH:  0    Dex: 21    Spells: 6/6 levels left

rFire   + . .      SeeInvis .    r - +0 dagger (holy)
rCold   . . .      Faith    .    (no shield)
rNeg    . . .      Spirit   .    t - +1 leather armour of Parts Unknown {Harm *Slow Regen+ Slay+5}
rPois   .          Reflect  .    (no helmet)
rElec   +          Harm     +    c - +0 cloak
rCorr   .          Rampage  .    s - +0 pair of gloves
Will    +....                    (no boots)
Stlth   +++++.....               (no amulet)
HPRegen 0.93/turn                f - ring of Sacsauho {rElec rF+ Will+ Dex+2}
MPRegen 0.10/turn                (no ring)

@: no status effects
A: small, no large weapons, nightstalker 3
a: no special abilities


You were on level 3 of the Dungeon.
You visited 1 branch of the dungeon, and saw 5 of its levels.

You collected 166 gold pieces.

Inventory:

Hand Weapons
 a - a +3 dagger
 p - a +0 whip of electrocution
 r - a +0 dagger of holy wrath (weapon)
Missiles
 e - 3 curare-tipped darts (quivered)
 n - 9 poisoned darts
Armour
 b - a +1 robe
 c - a +0 cloak (worn)
 m - a +0 leather armour
 s - a +0 pair of gloves (worn)
 t - the +1 leather armour of Parts Unknown (worn) {Harm *Slow Regen+ Slay+5}
   (You found it on level 4 of the Dungeon)

   Slay:      It affects your accuracy & damage with ranged weapons and melee
   (+5).
   Regen:     It increases your rate of health regeneration.
   *Slow:     It may slow you when you take damage.
   Harm:      It increases damage dealt and taken.
Jewellery
 f - the ring of Sacsauho (left hand) {rElec rF+ Will+ Dex+2}
   (You found it on level 2 of the Dungeon)

   [ring of willpower]

   Dex:       It affects your dexterity (+2).
   rF:        It protects you from fire.
   rElec:     It insulates you from electricity.
   Will:      It increases your willpower.
 i - a ring of poison resistance
Potions
 d - a potion of heal wounds
 g - 4 potions of flight
 h - a potion of brilliance
 k - a potion of ambrosia


   Skills:
 + Level 3.1 Fighting
 + Level 5.0 Short Blades
 + Level 5.1 Throwing
 + Level 0.9 Armour
 + Level 3.1 Dodging
 + Level 8.4 Stealth


You had 6 spell levels left.
You didn't know any spells.
Your spell library contained the following spells:

 Spells                   Type           Power      Damage    Failure   Level
 Beastly Appendage        Tmut           0%         N/A       43%         1
 Wereblood                Tmut           0%         N/A       56%         2
 Gell's Gravitas          Tloc           0%         N/A       80%         3
 Kindle Blastsparks       Fire/Tloc/Air  0%         2d10      80%         3
 Lesser Beckoning         Tloc           0%         N/A       80%         3
 Portal Projectile        Hex/Tloc       0%         N/A       80%         3
 Spider Form              Tmut/Pois      0%         N/A       80%         3
 Teleport Other           Tloc           0%         N/A       80%         3
 Tukima's Dance           Hex            0%         N/A       80%         3
 Fulminant Prism          Conj/Hex       0%         3d6       99%         4
 Iskenderun's Mystic Bla  Conj/Tloc      0%         2d3       99%         4
 Blade Hands              Tmut           0%         N/A       100%        5
 Lee's Rapid Deconstruct  Erth           0%         3d5*      100%        5


Dungeon Overview and Level Annotations

Branches:
Dungeon (5/15)
 Temple: D:4-7

Altars:
Gozag
Okawaru

Annotations:
D:3 Tollund's ghost, amateur GrEE


Innate Abilities, Weirdness & Mutations

You are small and have problems with some larger weapons.
You are completely attuned to the shadows.


Message History

The orc shouts!
You barely miss Tollund's ghost.
Tollund's ghost is moderately damaged.
The orc seems less confused. x2; The orc misses you.
The orc barely misses you.
Tollund's ghost points at you and mumbles some strange words.
The stone arrow hits you!
* * * LOW HITPOINT WARNING * * *
You hit Tollund's ghost.
Tollund's ghost convulses.
Tollund's ghost is moderately damaged.
The orc hits you with a +0 mace.
* * * LOW HITPOINT WARNING * * *
Tollund's ghost hits you but does no damage.
The orc closely misses you.
You feel better. The orc barely misses you. The orc misses you.
Tollund's ghost hits you.
* * * LOW HITPOINT WARNING * * *
The orc hits you but does no damage. The orc closely misses you.
The orc attacks as you move away! The orc closely misses you.
The orc attacks as you move away! The orc closely misses you.
The orc is no longer blind.
The orc attacks as you move away! The orc completely misses you.
The orc throws a boomerang.
The boomerang misses you. The orc closely misses you.
The orc is no longer blind.
Tollund's ghost closely misses you. The orc attacks as you move away!
The orc misses you.
The orc enters a dispersal trap!
The orc blinks! x2; Tollund's ghost blinks!
The orc blinks! x2; Tollund's ghost blinks!
You blink.
The orc blinks!
Tollund's ghost gestures at you while chanting.
The stone arrow misses you. The orc closely misses you.
You see here an atropa-tipped dart.
You hit the orc.
The orc is heavily wounded.
You hit the orc.
You kill the orc!
Tollund's ghost gestures at you while chanting.
The stone arrow hits you!!
Ouch! That really hurt!
You die...

..###.........#....####..## ##.
#......#####.............#####...
######...###.....ยงยงยง.............
...........#........##########...
#######.##...W....#.# ##.........
### #.##........#.# #..########
..### #......(..#.#.###.## #
#...###........(#.#..##.# ######
###.............@..#.##.####..... #
####.>....#....................
#...#...##.##<............####
####.##.........<.............#..
#.............#.................#
.....#........#...............###
..####..#.....................# ###
##..#.....#....o..........#
###.........#...............#


You could see Tollund's ghost.

Vanquished Creatures
  Grinder (D:3)
  A water moccasin (D:5)
  A scorpion (D:5)
  A hound (D:4)
  Natasha (D:3)
  An iguana (D:3)
  2 orc wizards (D:4)
  Robin (D:4)
  5 adders
  7 dart slugs
  A worm (D:4)
  9 orcs
  3 endoplasms
  3 giant cockroaches
  14 goblins
  6 hobgoblins
  10 jackals
  6 kobolds
  6 quokkas
  5 ball pythons
  4 bats
  3 rats
91 creatures vanquished.

Notes
Turn   | Place    | Note
-------+----------+-------------------------------------------
     0 | D:1      | tromp the Kobold Brigand began the quest for the Orb.
     0 | D:1      | Reached XP level 1. HP: 12/12 MP: 1/1
   871 | D:1      | Reached XP level 2. HP: 17/17 MP: 2/2
   937 | D:1      | Reached skill level 6 in Stealth
  1276 | D:1      | Reached XP level 3. HP: 21/21 MP: 3/3
  2303 | D:2      | Identified the ring of Sacsauho {rElec rF+ Will+ Dex+2}
  2418 | D:2      | Found an iron altar of Okawaru.
  2811 | D:2      | Reached XP level 4. HP: 3/26 MP: 4/4
  3583 | D:3      | Reached skill level 7 in Stealth
  3601 | D:3      | Found an iron altar of Okawaru.
  3629 | D:3      | Reached XP level 5. HP: 17/31 MP: 5/5
  4155 | D:3      | Noticed Grinder
  4230 | D:3      | Found a faded altar of an unknown god.
  4585 | D:3      | Found a runed translucent gate.
  4588 | D:3      | Found a runed translucent gate.
  4589 | D:3      | Found a runed translucent gate.
  4605 | D:3      | Killed Grinder
  4606 | D:3      | Reached XP level 6. HP: 25/36 MP: 6/6
  4615 | D:3      | Noticed Tollund's ghost (amateur GrEE)
  4765 | D:3      | Noticed Natasha
  5201 | D:4      | Noticed Robin
  5215 | D:4      | Killed Robin
  5352 | D:4      | Found an opulent altar of Gozag.
  5421 | D:4      | Reached XP level 7. HP: 40/40 MP: 7/7
  6096 | D:4      | Upgraded the game from 0.30-a0-135-g630cfc4551 to
                  | 0.30-a0-137-gd8773701ce
  6204 | D:4      | Reached skill level 8 in Stealth
  6325 | D:4      | Identified the +1 leather armour of Parts Unknown {Harm
                  | *Slow Regen+ Slay+5}
  6521 | D:5      | Entered Level 5 of the Dungeon
  6535 | D:5      | Noticed a water moccasin
  6542 | D:5      | Killed a water moccasin
  6543 | D:5      | Reached skill level 5 in Throwing
  6652 | D:3      | Killed Natasha
  6763 | D:3      | Identified the +0 dagger of Untruth {vorpal, Will- Str+5
                  | Int+4}
  6792 | D:2      | Reached skill level 5 in Short Blades
  6924 | D:3      | Killed from afar by Tollund's ghost

Illustrated notes

Levels and vault maps discovered:
D:1:      sevenhm_arrival_forest_fort_large_2, layout_loops_ring,
          minmay_pentomino_q2
D:2:      layout_loops_cross, basic_altar
D:3:      layout_rooms, okawaru_gym_becter, biasface_ghost_orc_armoury,
          hellmonk_ecumenical_altar_arch_garden, uniq_grinder, uniq_natasha
D:4:      layout_loops_ring, lemuel_coloured_pillars_altar, grunt_ministairs_9,
          uniq_robin
D:5:      layout_basic, trog_three_pillars_becter, minmay_temple_entry_ruins

Skill      XL: |  1  2  3  4  5  6  7 |
---------------+----------------------+-----
Stealth        | 6 7 8 |  8.4
Short Blades   | 3 4 5 |  5.0
Throwing       | 3 4 5 |  5.1
Dodging        | 2 3 |  3.1
Fighting       | 3 |  3.1
Armour         | |  0.9

Action                   |  1- 3 |  4- 6 |  7- 9 || total
-------------------------+-------+-------+-------++-------
Melee: Dagger            |    69 |   112 |    55 ||   236
       Punch             |     1 |     1 |     1 ||     3
       Whip              |       |       |     2 ||     2
Throw: Dart              |    27 |    70 |    17 ||   114
  Use: Potion            |     2 |     4 |     5 ||    11
       Scroll            |     3 |     5 |     2 ||    10
 Stab: Sleeping          |    18 |     3 |     4 ||    25
       Invisible         |       |     4 |     3 ||     7
       Confused          |       |       |     1 ||     1
Armor: Robe              |     6 |     8 |       ||    14
       Leather armour    |       |    12 |    16 ||    28
Dodge: Dodged            |    22 |    63 |    75 ||   160

Table legend: (Time is in decaauts)
 A = Elapsed time spent in this place.
 B = Non-inter-level travel time spent in this place.
 C = Inter-level travel time spent in this place.
 D = Time resting spent in this place.
 E = Time spent auto-exploring this place.
 F = Levels seen in this place.
 G = Mean time per level.
                   A        B        C        D        E       F      G
               +--------+--------+--------+--------+--------+-----+--------+
         Total |   6854 |   6851 |      3 |   2712 |    776 |   5 | 1370.8 |
       Dungeon |   6854 |   6851 |      3 |   2712 |    776 |   5 | 1370.8 |
               +--------+--------+--------+--------+--------+-----+--------+

Top non-repeatable levels by time:
     D:1: 2119 daAuts
     D:4: 1690 daAuts
     D:3: 1518 daAuts
     D:2: 1483 daAuts
     D:5: 43 daAuts
